 Dungeon Crawl Stone Soup version 0.28-a0-863-g8cecda6153 (webtiles) character file.

Game seed: 12842618711028442716

8 vineage the Ducker (level 2, 23/23 HPs)
             Began as a Demonspawn Gladiator on Nov 18, 2021.
             Quit the game on level 1 of the Dungeon.
             The game lasted 00:00:30 (129 turns).

vineage the Ducker (Demonspawn Gladiator)            Turns: 129, Time: 00:00:31

Health: 23/23      AC:  6    Str: 14    XL:     2   Next: 0%
Magic:  2/2        EV: 12    Int:  9    God:
Gold:   0          SH:  0    Dex: 14    Spells: 1/1 levels left

rFire   . . .      SeeInvis .   a - +0 war axe
rCold   . . .      Faith    .   (no shield)
rNeg    . . .      Spirit   .   b - +0 leather armour
rPois   .          Reflect  .   c - +0 helmet
rElec   .          Harm     .   (no cloak)
rCorr   .          Rampage  .   (no gloves)
Will    .....                   (no boots)
Stlth   +.........              (no amulet)
HPRegen 0.07/turn               (no ring)
MPRegen 0.08/turn               (no ring)

@: no status effects
A: slimy green scales 1
a: no special abilities


You were on level 1 of the Dungeon.
You visited 1 branch of the dungeon, and saw 1 of its levels.

Inventory:

Hand Weapons
 a - a +0 war axe (weapon)
Missiles
 d - 3 throwing nets (quivered)
Armour
 b - a +0 leather armour (worn)
 c - a +0 helmet (worn)
Potions
 e - a potion of degeneration {unknown}


   Skills:
 + Level 2.3 Fighting
 - Level 2.6 Axes
 - Level 1.7 Throwing
 + Level 1.0 Armour
 - Level 2.6 Dodging


You had one spell level left.
You didn't know any spells.
Your spell library was empty.

Dungeon Overview and Level Annotations

Branches:
Dungeon (1/15)

Altars:


Innate Abilities, Weirdness & Mutations

You are partially covered in slimy green scales. (AC +2)


Message History

No target in view!
No target in view!
e - a cyan potion
Found a stone staircase leading down.
A quokka comes into view.
The helpless quokka fails to defend itself.
You hit the quokka.
You kill the quokka!
No target in view!
No target in view!
No target in view!
No target in view!
No target in view!
No target in view!
No target in view!
A giant cockroach comes into view.
A giant cockroach is nearby!
A giant cockroach is nearby!
You slash the giant cockroach!
You kill the giant cockroach!
No target in view!
No target in view!
No target in view!
No target in view!
No target in view!
No target in view!
No target in view!
No target in view!
A bat comes into view.
A bat is nearby!
A bat is nearby!
The bat barely misses you.
You hit the bat.
You kill the bat!
Your Armour skill increases to level 1!
You have reached level 2!
Your demonic ancestry asserts itself...
Slimy green scales grow over part of your body.
Found 22 bolts.
Are you sure you want to abandon this character and quit the game? (Confirm with "yes".)

. ... .. ..## #. ##.
... #. ..( #.###. #..
..###...# #.#
#.##.....
#.########.##.##.#
####.##...>...##.##.#
#...@...## #.......#
#.##.....####.##.####
#.......##†##.#
#.....#.##.##.#
#.............#
........#########
#########


There were no monsters in sight!

Vanquished Creatures
  An endoplasm (D:1)
  3 giant cockroaches (D:1)
  A quokka (D:1)
  A bat (D:1)
  A rat (D:1)
7 creatures vanquished.

Vanquished Creatures (others)
  A fungus (D:1)
1 creature vanquished.

Grand Total: 8 creatures vanquished

Notes
Turn   | Place    | Note
-------+----------+-------------------------------------------
     0 | D:1      | vineage the Demonspawn Gladiator began the quest for the
                  | Orb.
     0 | D:1      | Reached XP level 1. HP: 16/16 MP: 1/1
   126 | D:1      | Reached skill level 1 in Armour
   126 | D:1      | Gained mutation: You are partially covered in slimy green
                  | scales. (AC +2) [demonic ancestry]
   126 | D:1      | Reached XP level 2. HP: 23/23 MP: 2/2
   129 | D:1      | Quit the game

Illustrated notes

Levels and vault maps discovered:
D:1:      dpeg_arrival_prison, layout_loops_cross, basic_ecumenical_altar,
          hangedman_decor_clover_reticule

Skill      XL: |  1 |
---------------+----+-----
Armour         | 1 |  1.0
Fighting       | |  2.3
Axes           | |  2.6
Throwing       | |  1.7
Dodging        | |  2.6

Action                   || total
-------------------------++-------
Melee: War axe           ||    10
 Stab: Sleeping          ||     1
Dodge: Dodged            ||     7

Table legend: (Time is in decaauts)
 A = Elapsed time spent in this place.
 B = Non-inter-level travel time spent in this place.
 C = Inter-level travel time spent in this place.
 D = Time resting spent in this place.
 E = Time spent auto-exploring this place.
 F = Levels seen in this place.
 G = Mean time per level.
                   A        B        C        D        E       F      G
               +--------+--------+--------+--------+--------+-----+--------+
         Total |    132 |    132 |      0 |      0 |     95 |   1 |  132.0 |
       Dungeon |    132 |    132 |      0 |      0 |     95 |   1 |  132.0 |
               +--------+--------+--------+--------+--------+-----+--------+

Top non-repeatable levels by time:
     D:1: 132 daAuts
